 Dungeon Crawl Stone Soup version 0.31.0-12-g77e489cdc1 (webtiles) character file.

Game seed: 2109925913672804615

162 booth the Chopper (level 5, -14/42 HPs)
             Began as a Demonspawn Gladiator on Feb 29, 2024.
             Killed by divine providence
             ... invoked by an orc priest
              (15 damage)
             ... on level 3 of the Dungeon.
             The game lasted 00:14:13 (1862 turns).

booth the Chopper (Demonspawn Gladiator)            Turns: 1862, Time: 00:14:13

Health: -14/42     AC:  9    Str: 16    XL:     5   Next: 19%
Magic:  5/5        EV: 12    Int:  8    God:
Gold:   234        SH:  0    Dex: 15    Spells: 4/4 levels left

rFire   . . .        a - +0 war axe
rCold   . . .        (no shield)
rNeg    . . .        h - +1 ring mail
rPois   .            c - +1 helmet
rElec   .            (no cloak)
rCorr   .            (no gloves)
SInv    .            (no boots)
Will    .....        (no amulet)
Stlth   +            (no ring)
HPRegen 0.27/turn    (no ring)
MPRegen 0.09/turn

%: no passive effects
@: lethally poisoned (-14 -> -25)
A: hooves 1, rugged brown scales 1, demonic guardian 1, ignite blood 1
a: no special abilities


You were on level 3 of the Dungeon.
You visited 1 branch of the dungeon, and saw 3 of its levels.

You collected 234 gold pieces.

Inventory:

Hand Weapons
 a - a +0 war axe (weapon)
Missiles
 d - 3 throwing nets (quivered)
 g - 9 boomerangs
Armour
 c - a +1 helmet (worn)
 h - a +1 ring mail (worn)
Scrolls
 b - a scroll of fear {unknown}
 i - a scroll of identify {unknown}
Potions
 f - a potion of curing {unknown}
 j - a potion of resistance {unknown}
 k - a potion of attraction
 l - a potion of brilliance {unknown}
 m - a potion of lignification {unknown}
 n - a potion of degeneration {unknown}


   Skills:
 + Level 3.1 Fighting
 * Level 3.8 Axes
 + Level 2.8 Throwing
 - Level 3.3 Dodging


You had 4 spell levels left.
You didn't know any spells.
Your spell library contained the following spells:

 Spells                   Type           Power      Damage    Failure   Level
 Jinxbite                 Hex            0%         N/A       77%         2
 Yara's Violent Unravell  Hex/Alch       0%         3d3       100%        5
 Enfeeble                 Hex            0%         N/A       100%        7


Dungeon Overview and Level Annotations

Branches:
Dungeon (3/15)

Altars:
Cheibriados

Shops:
D:1 [


Innate Abilities, Weirdness & Mutations

You have large cloven feet.
You are partially covered in rugged brown scales. (AC +1, +3% HP)
A weak demonic guardian rushes to your aid.
Your demonic aura sometimes causes spilled blood to erupt in flames.


Message History

You closely miss the orc. You kick the orc.
The orc is heavily wounded.
The orc barely misses you. The orc hits you with a +0 short sword.
You completely miss the orc. Your kick misses the orc.
The orc is heavily wounded.
The orc hits you but does no damage.
Throw: 9 boomerangs
Press: ? - help, Q - select action, (/) - cycle Shift-Dir - straight line, f/p - orc priest
Aim: an orc priest, wielding a +1 short sword of venom (heavily wounded, 57% to hit)
You throw a boomerang. The boomerang barely misses the orc.
The boomerang hits the orc!
You kill the orc!
The orc barely misses you.
You barely miss the orc.
The orc is heavily wounded.
The orc hits you with a +0 short sword.
You hit the orc.
You kill the orc!
The orc priest hits you but does no damage.
You are poisoned.
You hit the orc priest.
You kick the orc priest, but do no damage.
The orc priest is severely wounded.
You feel very sick.
The orc priest hits you but does no damage.
You are lethally poisoned!
You barely miss the orc priest.
The orc priest is severely wounded.
* * * LOW HITPOINT WARNING * * *
You feel very sick.
The orc priest calls down the wrath of Beogh upon you.
Pain shoots through your body!
* * * LOW HITPOINT WARNING * * *
A demonic guardian appears!
You swap places.
* * * LOW HITPOINT WARNING * * *
You feel very sick.
The orc priest invokes the aid of Beogh against you.
Beogh smites you!
You die...

#####
..##(############...#
.....)o5@...........#
<.##.############...#####
##....... #.......
#####..<....
.........#### ######...#
# #.. # ###...#### #..#
#.# #. ...[.....


You could see an orc priest (ally target) and a friendly ufetubus (summoned).

Vanquished Creatures
  A bombardier beetle (D:3)
  An orc wizard (D:3)
  3 adders (D:2)
  3 dart slugs
  A ribbon worm (D:3)
  5 orcs (D:3)
  3 ball pythons
  7 bats
  3 endoplasms
  6 goblins
  6 hobgoblins
  6 jackals (D:1)
  6 kobolds
  4 quokkas
  2 frilled lizards (D:1)
  5 rats
62 creatures vanquished.

Notes
Turn   | Place    | Note
-------+----------+-------------------------------------------
     0 | D:1      | booth the Demonspawn Gladiator began the quest for the Orb.
     0 | D:1      | Reached XP level 1. HP: 16/16 MP: 1/1
   101 | D:1      | Gained mutation: You have large cloven feet. [demonic
                  | ancestry]
   101 | D:1      | Reached XP level 2. HP: 14/22 MP: 2/2
   211 | D:1      | Found Wiosm's Antique Armour Boutique.
   432 | D:1      | Found a faded altar of an unknown god.
   486 | D:1      | Gained mutation: Your demonic aura sometimes causes spilled
                  | blood to erupt in flames. [demonic ancestry]
   486 | D:1      | Reached XP level 3. HP: 28/28 MP: 3/3
   919 | D:2      | Found a snail-covered altar of Cheibriados.
  1131 | D:2      | Gained mutation: You are partially covered in rugged brown
                  | scales. (AC +1, +3% HP) [demonic ancestry]
  1131 | D:2      | Reached XP level 4. HP: 28/35 MP: 4/4
  1596 | D:3      | Identified the +7 quarterstaff of Moral Flaws {protect,
                  | rF+}
  1814 | D:3      | Gained mutation: A weak demonic guardian rushes to your
                  | aid. [demonic ancestry]
  1814 | D:3      | Reached XP level 5. HP: 40/42 MP: 5/5
  1862 | D:3      | HP: 1/42 [poisoned by an orc priest]
  1862 | D:3      | Killed from afar by an orc priest

Illustrated notes

Levels and vault maps discovered:
D:1:      sevenhm_arrival_forest_fort_large_4, layout_loops_ring, serial_shops,
          shop, ebering_ecumenical_altar_petrified
D:2:      layout_loops_ring, basic_altar, kennysheep_donut,
          grunt_decor_fettered, corexii_item_surrounded_by_moat
D:3:      layout_loops_ring, uniq_jessica, uniq_ijyb

Skill      XL: |  1  2  3  4 |
---------------+-------------+-----
Throwing       | 2 |  2.8
Axes           | 3 |  3.8
Dodging        | 3 |  3.3
Fighting       | 3 |  3.1

Action                     |  1- 3 |  4- 6 || total
---------------------------+-------+-------++-------
  Melee: War axe           |    99 |    65 ||   164
         Kick              |    20 |    19 ||    39
         Punch             |       |     2 ||     2
  Throw: Javelin           |       |     1 ||     1
         Boomerang         |       |     1 ||     1
    Use: Scroll            |     3 |     3 ||     6
         Potion            |       |     1 ||     1
   Stab: Distracted        |     1 |       ||     1
 Armour: Leather armour    |    48 |       ||    48
         Ring mail         |       |    34 ||    34
  Dodge: Dodged            |    79 |    40 ||   119
